 Dungeon Crawl Stone Soup version 0.28.0-45-g0d030f2227 (webtiles) character file.

Game seed: 17106480465342100334

128 Ablot the Grasshopper (level 5, 0/43 HPs)
             Began as a Gnoll Warper on Apr 10, 2022.
             Slain by a killer bee (8 damage)
             ... on level 3 of the Dungeon.
             The game lasted 00:03:39 (2886 turns).

Ablot the Grasshopper (Gnoll Warper)                Turns: 2886, Time: 00:03:40

Health: 0/43       AC:  4    Str: 13    XL:     5   Next: 12%
Magic:  12/12      EV: 12    Int: 12    God:
Gold:   63         SH:  0    Dex: 11    Spells: 12/14 levels left

rFire   . . .      SeeInvis .   a - +0 spear
rCold   . . .      Faith    .   (no shield)
rNeg    . . .      Spirit   .   b - +0 leather armour
rPois   .          Reflect  .   (no helmet)
rElec   .          Harm     .   g - +0 cloak
rCorr   .          Rampage  .   (no gloves)
Will    .....                   (no boots)
Stlth   +.........              (no amulet)
HPRegen 0.14/turn               (no ring)
MPRegen 0.13/turn               (no ring)

@: lethally poisoned (0 -> -1)
A: fangs 1, strong nose, distributed training
a: no special abilities


You were on level 3 of the Dungeon.
You visited 1 branch of the dungeon, and saw 3 of its levels.

You collected 63 gold pieces.

Inventory:

Hand Weapons
 a - a +0 spear (weapon)
Missiles
 d - 5 boomerangs of dispersal
 f - 22 arrows
 h - 81 stones (quivered)
 u - 18 bolts
Armour
 b - a +0 leather armour (worn)
 g - a +0 cloak (worn)
Jewellery
 t - an amulet of regeneration
Wands
 m - a wand of polymorph (9)
Scrolls
 c - 2 scrolls of blinking
 e - 3 scrolls of immolation
 i - 3 scrolls of identify {unknown}
 q - a scroll of fog {unknown}
 s - a scroll of noise {unknown}
Potions
 j - a potion of curing {unknown}
 k - a potion of heal wounds {unknown}
 l - a potion of magic {unknown}
 n - 2 potions of degeneration {unknown}
 o - a potion of flight {unknown}
 p - a potion of berserk rage {unknown}
 r - a potion of resistance {unknown}


   Skills:
 + Level 4.7 Fighting
 + Level 1.3 Short Blades
 + Level 1.3 Long Blades
 + Level 1.3 Axes
 + Level 1.3 Maces & Flails
 + Level 4.7 Polearms
 + Level 1.3 Staves
 + Level 1.3 Slings
 + Level 1.3 Bows
 + Level 1.3 Crossbows
 + Level 2.9 Throwing
 + Level 2.9 Armour
 + Level 4.7 Dodging
 + Level 1.3 Stealth
 + Level 1.3 Shields
 + Level 1.3 Unarmed Combat
 + Level 5.1 Spellcasting
 + Level 1.1 Conjurations
 + Level 1.1 Hexes
 + Level 1.1 Summonings
 + Level 1.1 Necromancy
 + Level 5.5 Translocations
 + Level 1.1 Transmutations
 + Level 1.1 Fire Magic
 + Level 1.1 Ice Magic
 + Level 1.1 Air Magic
 + Level 1.1 Earth Magic
 + Level 1.1 Poison Magic
 + Level 1.5 Invocations
 + Level 1.3 Evocations


You had 12 spell levels left.
You knew the following spells:

 Your Spells              Type           Power      Damage    Failure   Level
a - Blink                 Tloc           32%        N/A       4%          2

Your spell library contained the following spells:

 Spells                   Type           Power      Damage    Failure   Level
 Gell's Gravitas          Tloc           16%        N/A       8%          3
 Lesser Beckoning         Tloc           16%        N/A       8%          3
 Teleport Other           Tloc           16%        N/A       8%          3
 Beastly Appendage        Tmut           10%        N/A       16%         1
 Wereblood                Tmut           5%         N/A       24%         2
 Spider Form              Tmut/Pois      5%         N/A       43%         3
 Manifold Assault         Tloc           16%        N/A       58%         5


Dungeon Overview and Level Annotations

Branches:
Dungeon (3/15)

Altars:
Trog


Innate Abilities, Weirdness & Mutations

You have very sharp teeth.
Your uncanny sense of smell can sniff out nearby items.
Your experience applies equally to all skills.


Message History

Press: ? - help, Dir - move target, f/p - killer bee
Aim: a killer bee (severely wounded, about 64% to evade your +0 spear)
You reach to attack!
You miss the killer bee.
The killer bee is severely wounded.
You feel sick. The orc closely misses you.
Unknown command.
Reach: a) +0 spear
Press: ? - help, Dir - move target, f/p - killer bee
Aim: a killer bee (severely wounded, about 64% to evade your +0 spear)
The orc is in the way.
You barely miss the orc.
The orc is lightly wounded.
You feel sick. The orc hits you with a +0 club.
* * * LOW HITPOINT WARNING * * *
Reach: a) +0 spear
Press: ? - help, Dir - move target, f/p - killer bee
Aim: a killer bee (severely wounded, about 64% to evade your +0 spear)
The orc is in the way.
You barely miss the orc. You punch the orc.
The orc is heavily wounded.
Unknown command.
Reach: a) +0 spear
Press: ? - help, Dir - move target, f/p - killer bee
Aim: a killer bee (severely wounded, about 64% to evade your +0 spear)
You reach to attack!
You barely miss the killer bee.
The killer bee is severely wounded.
You feel sick. The orc misses you.
Unknown command.
Reach: a) +0 spear
Press: ? - help, Dir - move target, f/p - killer bee
Aim: a killer bee (severely wounded, about 64% to evade your +0 spear)
The orc is in the way.
You hit the orc.
You kill the orc!
You feel sick.
Unknown command.
Reach: a) +0 spear
Press: ? - help, Dir - move target, f/p - killer bee
Aim: a killer bee (severely wounded, about 64% to evade your +0 spear)
You barely miss the killer bee.
The killer bee is severely wounded.
You feel sick. The killer bee closely misses you. The killer bee stings you!
You die...

#.#### ##.....## #
#.##.## #.......## #
#.#...####.........###
#........+.........'..
#.#...####.........###
#.##.## ##.......## #
#.##### ##.....## #
#.....# ##...## #
#####@# ##+# # #y# #
#.# # #o# ... ... ...
.....


You could see a killer bee and an orc.

Vanquished Creatures
  An orc wizard (D:3)
  5 adders
  A worm (D:2)
  A dart slug (D:2)
  4 orcs (D:3)
  4 ball pythons
  7 endoplasms
  A giant cockroach (D:1)
  8 goblins
  A hobgoblin (D:3)
  4 kobolds
  4 quokkas
  3 bats (D:2)
  A frilled lizard (D:2)
  5 rats
50 creatures vanquished.

Notes
Turn   | Place    | Note
-------+----------+-------------------------------------------
     0 | D:1      | Ablot the Gnoll Warper began the quest for the Orb.
     0 | D:1      | Reached XP level 1. HP: 20/20 MP: 6/6
    43 | D:1      | Found a faded altar of an unknown god.
   503 | D:1      | Reached XP level 2. HP: 26/26 MP: 7/7
   506 | D:1      | Learned a level 2 spell: Blink
   934 | D:2      | Reached XP level 3. HP: 13/31 MP: 9/9
  1017 | D:2      | Reached skill level 5 in Spellcasting
  1327 | D:2      | Reached skill level 1 in Invocations
  1519 | D:2      | Reached skill level 1 in Short Blades
  1519 | D:2      | Reached skill level 1 in Long Blades
  1519 | D:2      | Reached skill level 1 in Axes
  1519 | D:2      | Reached skill level 1 in Maces & Flails
  1519 | D:2      | Reached skill level 1 in Staves
  1519 | D:2      | Reached skill level 1 in Slings
  1519 | D:2      | Reached skill level 1 in Bows
  1519 | D:2      | Reached skill level 1 in Crossbows
  1519 | D:2      | Reached skill level 1 in Stealth
  1519 | D:2      | Reached skill level 1 in Shields
  1519 | D:2      | Reached skill level 1 in Unarmed Combat
  1519 | D:2      | Reached skill level 1 in Evocations
  1624 | D:2      | Found a bloodstained altar of Trog.
  1692 | D:2      | Reached XP level 4. HP: 33/38 MP: 11/11
  2032 | D:3      | Reached skill level 1 in Conjurations
  2032 | D:3      | Reached skill level 1 in Hexes
  2032 | D:3      | Reached skill level 1 in Summonings
  2032 | D:3      | Reached skill level 1 in Necromancy
  2032 | D:3      | Reached skill level 1 in Transmutations
  2032 | D:3      | Reached skill level 1 in Fire Magic
  2032 | D:3      | Reached skill level 1 in Ice Magic
  2032 | D:3      | Reached skill level 1 in Air Magic
  2032 | D:3      | Reached skill level 1 in Earth Magic
  2032 | D:3      | Reached skill level 1 in Poison Magic
  2576 | D:3      | Reached XP level 5. HP: 40/43 MP: 12/12
  2886 | D:3      | Slain by a killer bee

Illustrated notes

Levels and vault maps discovered:
D:1:      eino_arrival_cavern_e, layout_basic, hellmonk_ecumenical_altar_blasted
D:2:      layout_loops_ring, basic_altar, kennysheep_generic_room_2
D:3:      layout_loops_corners, chequers_jeans

Skill      XL: |  1  2  3  4 |
---------------+-------------+-----
Spellcasting   | 5 |  5.1
Invocations    | 1 |  1.5
Short Blades   | 1 |  1.3
Long Blades    | 1 |  1.3
Axes           | 1 |  1.3
Maces & Flails | 1 |  1.3
Staves         | 1 |  1.3
Slings         | 1 |  1.3
Bows           | 1 |  1.3
Crossbows      | 1 |  1.3
Stealth        | 1 |  1.3
Shields        | 1 |  1.3
Unarmed Combat | 1 |  1.3
Evocations     | 1 |  1.3
Conjurations   | 1 |  1.1
Hexes          | 1 |  1.1
Summonings     | 1 |  1.1
Necromancy     | 1 |  1.1
Transmutations | 1 |  1.1
Fire Magic     | 1 |  1.1
Ice Magic      | 1 |  1.1
Air Magic      | 1 |  1.1
Earth Magic    | 1 |  1.1
Poison Magic   | 1 |  1.1
Fighting       | |  4.7
Polearms       | |  4.7
Throwing       | |  2.9
Armour         | |  2.9
Dodging        | |  4.7
Translocations | |  5.5

Action                   |  1- 3 |  4- 6 || total
-------------------------+-------+-------++-------
Melee: Spear             |   126 |   103 ||   229
       Bite              |     7 |     7 ||    14
       Punch             |     3 |     3 ||     6
Throw: Stone             |       |     3 ||     3
Evoke: Wand              |       |     2 ||     2
 Stab: Sleeping          |     2 |     1 ||     3
Armor: Leather armour    |    21 |    13 ||    34
Dodge: Dodged            |    45 |    37 ||    82
